 Dungeon Crawl Stone Soup version 0.29.1-1-gd02db6906a (webtiles) character file.

Game seed: 13025295571157635708

14 tizbic2 the Vexing (level 2, 0/28 HPs)
             Began as an Ogre Arcane Marksman on Oct 1, 2022.
             Slain by a hobgoblin (2 damage)
             ... on level 1 of the Dungeon.
             The game lasted 00:04:17 (574 turns).

tizbic2 the Vexing (Ogre Arcane Marksman)            Turns: 574, Time: 00:04:18

Health: 0/28       AC:  3    Str: 13    XL:     2   Next: 45%
Magic:  1/4        EV:  9    Int: 14    God:
Gold:   74         SH:  0    Dex:  9    Spells: 2/3 levels left

rFire   . . .      SeeInvis .   a - +0 dagger
rCold   . . .      Faith    .   (no shield)
rNeg    . . .      Spirit   .   c - +0 robe
rPois   .          Reflect  .   (helmet restricted)
rElec   .          Harm     .   (no cloak)
rCorr   .          Rampage  .   (gloves unavailable)
Will    .....                   (boots unavailable)
Stlth   +.........              (no amulet)
HPRegen 0.09/turn               (no ring)
MPRegen 0.09/turn               (no ring)

@: very slightly contaminated, hasted, very quick
A: large, unfitting armour, tough skin 1
a: no special abilities


You were on level 1 of the Dungeon.
You visited 1 branch of the dungeon, and saw 1 of its levels.

You collected 74 gold pieces.

Inventory:

Hand Weapons
 a - a +0 dagger (weapon)
 w - a +1 sling
Missiles
 g - 19 stones
Armour
 c - a +0 robe (worn)
Scrolls
 b - 2 scrolls of poison
 d - a scroll of blinking {unknown}
 h - a scroll of identify {unknown}
Potions
 e - 2 potions of haste
 f - a potion of mutation {unknown}
 i - 2 potions of brilliance {unknown}


   Skills:
 + Level 2.0 Fighting
 * Level 1.9 Ranged Weapons
 - Level 1.8 Dodging
 - Level 1.3 Spellcasting
 - Level 2.7 Hexes


You had 2 spell levels left.
You knew the following spells:

 Your Spells              Type           Power      Damage    Failure   Level
a - Slow                  Hex            32%        N/A       9%          1

Your spell library contained the following spells:

 Spells                   Type           Power      Damage    Failure   Level
 Inner Flame              Hex/Fire       4%         N/A       41%         3
 Portal Projectile        Hex/Tloc       8%         N/A       41%         3
 Cause Fear               Hex            4%         N/A       63%         4
 Passage of Golubria      Tloc           0%         N/A       94%         4
 Silence                  Hex/Air        2%         N/A       99%         5
 Lehudib's Crystal Spear  Conj/Erth      0%         10d2      100%        8


Dungeon Overview and Level Annotations

Branches:
Dungeon (1/15)

Altars:


Innate Abilities, Weirdness & Mutations

You are too large for most types of armour.
You have tough skin. (AC +1)


Message History

The hobgoblin is no longer moving slowly.
The hobgoblin hits you.
* * * LOW HITPOINT WARNING * * *
You barely miss the hobgoblin.
The hobgoblin is moderately wounded.
The hobgoblin barely misses you.
Casting: Slow (safe; 9% risk of failure)
Confirm with . or Enter, or press ? or * to list all spells.
Aiming: Slow (safe; 9% risk of failure)
Press: ? - help, Shift-Dir - straight line, f/p - hobgoblin
Aim: a hobgoblin (moderately wounded, chance to affect: 63%)
The hobgoblin resists with significant effort.
The hobgoblin hits you but does no damage.
Casting: Slow (safe; 9% risk of failure)
Confirm with . or Enter, or press ? or * to list all spells.
Aiming: Slow (safe; 9% risk of failure)
Press: ? - help, Shift-Dir - straight line, f/p - hobgoblin
Aim: a hobgoblin (moderately wounded, chance to affect: 63%)
You miscast Slow.
You are very lightly contaminated with residual magic.
Nothing appears to happen.
The hobgoblin barely misses you.
Unknown command.
You closely miss the hobgoblin.
The hobgoblin is moderately wounded.
The hobgoblin hits you.
* * * LOW HITPOINT WARNING * * *
Casting: Slow (safe; 9% risk of failure)
Confirm with . or Enter, or press ? or * to list all spells.
Aiming: Slow (safe; 9% risk of failure)
Press: ? - help, Shift-Dir - straight line, f/p - hobgoblin
Aim: a hobgoblin (moderately wounded, chance to affect: 63%)
The hobgoblin resists with significant effort.
The hobgoblin hits you.
* * * LOW HITPOINT WARNING * * *
You hit the hobgoblin but do no damage.
The hobgoblin is moderately wounded.
The hobgoblin hits you.
* * * LOW HITPOINT WARNING * * *
It was a potion of haste.
You feel yourself speed up. The hobgoblin hits you.
You die...

#.#.#.##.#
#.####...##....
.......#.# #.# ##.## ###
#.#.#.##.# #.# #.#
.......#.# ##.## #.#
#.#.#.##. ##...## #.#
......)#.##.###.# #.#
#†#.#.#.....# #.# #.#
.........#..###.###.###.#
#.#.#.##.#.#....@g......#
.......#............#####
#.#.#.####.#...######
....>..# #.##.## #..
#.#.#.## #.##.# #..~
#####.####.##.### ##..#
.............# ####...#
######.##.#.# #......# ##
#.##.#.######.##...####.


You could see a hobgoblin.

Vanquished Creatures
  An endoplasm (D:1)
  2 goblins (D:1)
  4 hobgoblins (D:1)
  A quokka (D:1)
  A ball python (D:1)
  A frilled lizard (D:1)
  2 kobolds (D:1)
  A rat (D:1)
13 creatures vanquished.

Notes
Turn   | Place    | Note
-------+----------+-------------------------------------------
     0 | D:1      | tizbic2 the Ogre Arcane Marksman began the quest for the
                  | Orb.
     0 | D:1      | Reached XP level 1. HP: 19/19 MP: 2/2
   135 | D:1      | Reached XP level 2. HP: 25/28 MP: 4/4
   574 | D:1      | Slain by a hobgoblin

Illustrated notes

Levels and vault maps discovered:
D:1:      lemuel_arrival_hallway, layout_loops_ring,
          shapermc_ecumenical_altar_hornbeckon, st_stairs_12

Skill      XL: |  1  2 |
---------------+-------+-----
Fighting       | 2 |  2.0
Ranged Weapons | |  1.9
Dodging        | |  1.8
Spellcasting   | |  1.3
Hexes          | |  2.7

Action                   || total
-------------------------++-------
Melee: Dagger            ||    64
       Punch             ||     2
 Fire: Sling             ||    34
 Cast: Slow              ||    17
  Use: Potion            ||     1
Armor: Robe              ||    17
Dodge: Dodged            ||    36
